 Dungeon Crawl Stone Soup version 0.31-a0-108-gdf935468f2 (webtiles) character file.

Game seed: 10870094064622170120

28 Flugkiller the Vexing (level 3, -6/26 HPs)
             Began as a Demonspawn Enchanter on May 27, 2023.
             Mangled by Crazy Yiuf
             ... wielding a +3 quarterstaff of chaos
              (8 damage)
             ... while petrified by Crazy Yiuf
             ... on level 2 of the Dungeon.
             The game lasted 00:02:05 (793 turns).

Flugkiller the Vexing (Demonspawn Enchanter)         Turns: 793, Time: 00:02:06

Health: -6/26      AC:  3    Str:  8    XL:     3   Next: 0%
Magic:  2/6        EV:  2    Int: 18    God:
Gold:   47         SH:  0    Dex: 15    Spells: 4/6 levels left

rFire   . . .        a - +1 dagger
rCold   . . .        (no shield)
rNeg    + + +        b - +0 robe
rPois   ∞            (no helmet)
rElec   .            i - +0 cloak
rCorr   .            (no gloves)
SInv    .            (no boots)
Will    .....        (no amulet)
Stlth   ++           (no ring)
HPRegen 0.24/turn    (no ring)
MPRegen 0.20/turn

%: no passive effects
@: agile, petrified
A: magic regeneration, big brain 1
a: no special abilities


You were on level 2 of the Dungeon.
You visited 1 branch of the dungeon, and saw 2 of its levels.

You collected 47 gold pieces.

Inventory:

Hand Weapons
 a - a +1 dagger (weapon)
Armour
 b - a +0 robe (worn)
 i - a +0 cloak (worn)
   (You found it on level 1 of the Dungeon)
Jewellery
 d - a ring of ice
   (You found it on level 1 of the Dungeon)
 f - a ring of resist corrosion
   (You found it on level 1 of the Dungeon)
 g - a +6 ring of strength
   (You found it on level 1 of the Dungeon)
Wands
 l - a wand of polymorph (10)
   (You found it on level 2 of the Dungeon)
Scrolls
 e - a scroll of summoning {unknown}
 k - a scroll of silence {unknown}
Potions
 c - 2 potions of invisibility
 h - a potion of heal wounds {unknown}
 j - a potion of curing {unknown}


   Skills:
 - Level 1.0 Fighting
 + Level 1.5 Short Blades
 - Level 1.7 Dodging
 - Level 3.0 Stealth
 - Level 2.0 Spellcasting
 + Level 3.4 Hexes


You had 4 spell levels left.
You knew the following spells:

 Your Spells              Type           Power      Damage    Failure   Level
a - Ensorcelled Hibernat  Hex/Ice        16%        N/A       14%         2

Your spell library contained the following spells:

 Spells                   Type           Power      Damage    Failure   Level
 Confusing Touch          Hex            14%        N/A       13%         3
 Tukima's Dance           Hex            14%        N/A       13%         3
 Dazzling Flash           Conj/Hex       16%        N/A       26%         3


Dungeon Overview and Level Annotations

Branches:
Dungeon (2/15) Zot: 11206

Altars:

Annotations:
D:2 Crazy Yiuf


Innate Abilities, Weirdness & Mutations

You regenerate magic rapidly.
You have an unusually large brain. (Int +2)


Message History

Found a robe.
There is an open door here.
The helpless ball python zombie fails to defend itself.
You puncture the ball python zombie!
You destroy the ball python zombie!
The helpless ball python skeleton fails to defend itself.
You puncture the ball python skeleton!
You destroy the ball python skeleton!
Found 2 poisoned darts.
No target in view!
No target in view!
No target in view!
No target in view!
You miss the bat. The bat hits you but does no damage.
The bat hits you but does no damage.
You miss the bat. The bat barely misses you. The bat closely misses you.
The bat hits you.
You hit the bat.
The bat is heavily wounded.
The bat misses you.
You hit the bat.
You kill the bat!
You hit the ball python zombie.
The ball python zombie is moderately damaged.
The ball python zombie misses you.
The ball python zombie barely misses you.
You hit the ball python zombie.
The ball python zombie is heavily damaged.
The ball python zombie completely misses you.
The ball python zombie closely misses you.
You barely miss the ball python zombie.
The ball python zombie is heavily damaged.
The ball python zombie barely misses you.
The ball python zombie grabs you. The ball python zombie constricts you.
You barely miss the ball python zombie.
The ball python zombie is heavily damaged.
The ball python zombie barely misses you.
The ball python zombie constricts you.
You hit the ball python zombie.
You destroy the ball python zombie!
You have reached level 3!
Your experience leads to an increase in your attributes!
Increase (S)trength, (I)ntelligence, or (D)exterity?
You feel agile. x2; Your demonic ancestry asserts itself...
Your brain expands.
Unknown command.
Unknown command.
Found a stone staircase leading up and a stone staircase leading down.
You now have 42 gold pieces (gained 15).
You now have 47 gold pieces (gained 5).
l - a wand of polymorph (10)
Found a hammer.
Found a runed translucent door.
Press: ? - help, v - describe, . - travel
Here: Crazy Yiuf, wielding a +3 quarterstaff of chaos and wearing a +0 cloak (asleep, fire blocked by a runed translucent door)
The floor.
You open the door.
Crazy Yiuf shouts!
There is an open translucent door here.
Crazy Yiuf closely misses you. Crazy Yiuf attacks as you move away!
Crazy Yiuf barely misses you.
Crazy Yiuf screams, "Candle action disdain!"
There is an open translucent door here.
Casting: Ensorcelled Hibernation (safe; 14% risk of failure)
Confirm with . or Enter, or press ? or * to list all spells.
Aiming: Ensorcelled Hibernation (safe; 14% risk of failure)
Press: ? - help, Shift-Dir - straight line, f - Crazy Yiuf
Aim: Crazy Yiuf, wielding a +3 quarterstaff of chaos and wearing a +0 cloak (chance to affect: 50%) Crazy Yiuf resists with some effort.
Crazy Yiuf hits you with a +3 quarterstaff of chaos.
You are slowing down.
Casting: Ensorcelled Hibernation (safe; 14% risk of failure)
Confirm with . or Enter, or press ? or * to list all spells.
Aiming: Ensorcelled Hibernation (safe; 14% risk of failure)
Press: ? - help, Shift-Dir - straight line, f/p - Crazy Yiuf
Aim: Crazy Yiuf, wielding a +3 quarterstaff of chaos and wearing a +0 cloak (chance to affect: 50%)
You miscast Ensorcelled Hibernation.
You are very lightly contaminated with residual magic.
Nothing appears to happen.
Crazy Yiuf whimpers, "Gnoll!
Lugonu testudinal spinner."
Crazy Yiuf hits you with a +3 quarterstaff of chaos!!
Your limbs are stiffening.
Casting: Ensorcelled Hibernation (safe; 14% risk of failure)
Confirm with . or Enter, or press ? or * to list all spells.
Aiming: Ensorcelled Hibernation (safe; 14% risk of failure)
Press: ? - help, Shift-Dir - straight line, f/p - Crazy Yiuf
Aim: Crazy Yiuf, wielding a +3 quarterstaff of chaos and wearing a +0 cloak (chance to affect: 50%) Crazy Yiuf looks drowsy...
You have turned to stone.
Crazy Yiuf shouts!
Crazy Yiuf cries, "Citrus!
Sif Muna water turtle."
Crazy Yiuf hits you with a +3 quarterstaff of chaos.
Crazy Yiuf freezes you.
Crazy Yiuf grits, "Hack!"
Crazy Yiuf hits you with a +3 quarterstaff of chaos!
Your magical contamination has completely faded away.
Crazy Yiuf hits you with a +3 quarterstaff of chaos!
* * * LOW HITPOINT WARNING * * *
You feel agile all of a sudden.
Crazy Yiuf hits you with a +3 quarterstaff of chaos!
You die...

........######
#.#
...###.[......
#.# ..# #........
#.# .. +....####
#.# . ###....#
#.# #†'....# #.##
#.#....# #####
####..# #.#....#
#)..### ##.+...#
#.######
#..g@.####......#
###.# ####
#...##..#......##
#...# #.)#
########.#..+.##
#.#####..#
########
#.#...'..#
#.#.###..#####
#.#.# #......#
##.#.###......#
#.............#


You could see Crazy Yiuf.

Vanquished Creatures
  2 dart slugs (D:1)
  An orc (D:1)
  3 endoplasms (D:1)
  3 goblins (D:1)
  A kobold (D:1)
  4 ball pythons
  A ball python skeleton (D:2)
  4 ball python zombies (D:2)
  2 bats
  A frilled lizard (D:1)
  A rat (D:1)
23 creatures vanquished.

Notes
Turn   | Place    | Note
-------+----------+-------------------------------------------
     0 | D:1      | Flugkiller the Demonspawn Enchanter began the quest for the
                  | Orb.
     0 | D:1      | Reached XP level 1. HP: 13/13 MP: 3/3
    57 | D:1      | Reached skill level 1 in Short Blades
   160 | D:1      | Gained mutation: You regenerate magic rapidly. [demonic
                  | ancestry]
   160 | D:1      | Reached XP level 2. HP: 19/19 MP: 5/5
   165 | D:1      | Learned a level 2 spell: Ensorcelled Hibernation
   621 | D:1      | Reached skill level 1 in Fighting
   712 | D:2      | Gained mutation: You have an unusually large brain. (Int
                  | +2) [demonic ancestry]
   712 | D:2      | Reached XP level 3. HP: 26/26 MP: 6/6
   776 | D:2      | Found a runed translucent door.
   777 | D:2      | Noticed Crazy Yiuf
   793 | D:2      | Mangled by Crazy Yiuf

Illustrated notes

Levels and vault maps discovered:
D:1:      heliophobic_arrival_enchanted_forest, layout_rooms,
          minmay_misc_feat_tower, st_stairs_5, chequers_serial_rivers_micro_e
D:2:      layout_basic, serial_undead, serial_undead_b, serial_undead_b,
          serial_undead_a, serial_undead_d, serial_undead_b, serial_undead_a,
          serial_undead_e, serial_undead_b, serial_undead_e, serial_undead_a,
          uniq_crazy_yiuf_cottage

Skill      XL: |  1  2 |
---------------+-------+-----
Short Blades   | 1 |  1.5
Stealth        | 3 |  3.0
Fighting       | 1 |  1.0
Dodging        | |  1.7
Spellcasting   | |  2.0
Hexes          | |  3.4

Action                     || total
---------------------------++-------
  Melee: Dagger            ||    72
   Cast: Ensorcelled Hiber ||     7
   Stab: Sleeping          ||     9
 Armour: Robe              ||    17
  Dodge: Dodged            ||    49

Table legend: (Time is in decaauts)
 A = Elapsed time spent in this place.
 B = Non-inter-level travel time spent in this place.
 C = Inter-level travel time spent in this place.
 D = Time resting spent in this place.
 E = Time spent auto-exploring this place.
 F = Levels seen in this place.
 G = Mean time per level.
                   A        B        C        D        E       F      G
               +--------+--------+--------+--------+--------+-----+--------+
         Total |    792 |    759 |     33 |     81 |    430 |   2 |  396.0 |
       Dungeon |    792 |    759 |     33 |     81 |    430 |   2 |  396.0 |
               +--------+--------+--------+--------+--------+-----+--------+

Top non-repeatable levels by time:
     D:1: 626 daAuts
     D:2: 165 daAuts
